 Dungeon Crawl Stone Soup version 0.27-a0-156-gbcd94eb011 (webtiles) character file.

Game seed: 7332105010576184142

947 dickylongcocking the Skirmisher (level 7, 0/50 HPs)
             Began as a Demonspawn Hedge Wizard on Jan 28, 2021.
             Was a Believer of Okawaru.
             Succumbed to a scorpion's poison
             ... on level 4 of the Dungeon.
             The game lasted 00:11:07 (8188 turns).

dickylongcocking the Skirmisher (DsWz)              Turns: 8188, Time: 00:11:08

Health: 0/50       AC: 12    Str: 11    XL:     7   Next: 89%
Magic:  11/11      EV: 10    Int: 18    God:    Okawaru [**....]
Gold:   165        SH:  0    Dex: 13    Spells: 7/12 levels left

rFire    + . .     SeeInvis .     - Unarmed
rCold    + + .     Faith    +   (no shield)
rNeg     . . .     Spirit   .   x - +0 ring mail
rPois    +         Reflect  .   j - +2 helmet
rElec    +         Harm     .   (no cloak)
rCorr    +         Rampage  .   (no gloves)
Will     .....     Rnd*Tele +   s - +0 pair of boots
Stlth    +.........             d - amulet of faith
HPRegen  0.16/turn              f - ring of protection from cold
MPRegen  0.24/turn              o - ring of teleportation

@: lethally poisoned (0 -> -1), resistant
A: claws 1, molten scales 1, clever 1, frail 1, powered by pain 2, teleportitis
1, magic regeneration, MP-powered wands
a: Renounce Religion, Heroism


You were on level 4 of the Dungeon.
You worshipped Okawaru.
Okawaru was pleased with you.
You visited 1 branch of the dungeon, and saw 5 of its levels.

You collected 165 gold pieces.

Inventory:

Hand Weapons
 a - a +0 dagger
 g - a +4 dagger
Armour
 b - a +0 robe
 c - a +0 hat
 i - a +0 ring mail
 j - a +2 helmet (worn)
 s - a +0 pair of boots (worn)
 x - a +0 ring mail (worn)
Jewellery
 d - an amulet of faith (around neck)
 f - a ring of protection from cold (left claw)
 l - an uncursed amulet of the acrobat {unknown}
 o - a ring of teleportation (right claw)
 q - a cursed amulet of inaccuracy {unknown}
Scrolls
 e - 6 scrolls of identify
 m - 3 scrolls of amnesia
 n - a scroll of immolation
 r - a scroll of remove curse
 u - a scroll of fog {unknown}
 v - a scroll of noise {unknown}
Potions
 k - 2 potions of flight
 p - a potion of mutation


   Skills:
 * Level 5.2 Fighting
 - Level 2.7 Short Blades
 * Level 4.0 Armour
 - Level 1.7 Dodging
 - Level 1.7 Stealth
 * Level 3.7 Unarmed Combat
 - Level 3.0 Spellcasting
 - Level 1.0 Conjurations
 - Level 1.0 Summonings
 - Level 0.8 Translocations


You had 7 spell levels left.
You knew the following spells:

 Your Spells              Type           Power        Failure   Level
a - Magic Dart            Conj           24%          24%         1
b - Call Imp              Summ           6%           36%         2
c - Blink                 Tloc           N/A          36%         2

Your spell library contained the following spells:

 Spells                   Type           Power        Failure   Level
 Slow                     Hex            2%           50%         2
 Conjure Flame            Conj/Fire      4%           65%         3
 Mephitic Cloud           Conj/Pois/Air  3%           67%         3


Dungeon Overview and Level Annotations

Branches:
Dungeon (5/15)             Temple (0/1) D:4

Altars:
Fedhas
Gozag
Hepliaklqana
Nemelex Xobeh
Okawaru


Innate Abilities, Weirdness & Mutations

You have sharp fingernails.
You are partially covered in molten scales. (AC +2)
You sometimes gain power by taking damage.
You regenerate magic rapidly.
Your mind is acute. (Int +2)
You are frail. (-10% HP)
You are occasionally teleported next to monsters.
You expend magic power (3 MP) to strengthen your wands.


Message History

Okay, then.
Okay, then.
You feel protected.
Unknown command.
There is a lethal amount of poison in your body!
There is a lethal amount of poison in your body!
There is a lethal amount of poison in your body!
* * * LOW HITPOINT WARNING * * *
You feel sick.
You feel like a meek peon again.
Unknown command.
* * * LOW HITPOINT WARNING * * *
You feel sick.
* * * LOW HITPOINT WARNING * * *
You feel sick.
* * * LOW HITPOINT WARNING * * *
You feel sick.
* * * LOW HITPOINT WARNING * * *
You feel sick.
You die...

### ##.##
#.#.####################
.###...................#
#.#.########.######.##.# ##.##
#.# #.##.######## ##.####### #.#
#.##....)...#
......##.###.######.#########.##
##.##.#.(.......@...# ##...##
##.##..#.#...######.# ###.#.#.#
##............## #.# #.....##.
..###..#.......# #.# #.#.###.#
#.###.#.......## #.# #.##.#.##
......##.#...## #.# #.###.##
#.######.##(.# #.# #.# ### #.#
#.##..# #.#####.## #.#
#.##..######........#


There were no monsters in sight!

Vanquished Creatures
  2 phantoms
  A centaur (D:5)
  3 ogres
  A scorpion (D:4)
  2 orc priests
  A hound (D:4)
  A bullfrog skeleton (D:3)
  An orc wizard (D:3)
  An iguana (D:4)
  A worker ant (D:4)
  A hound skeleton (D:3)
  A worker ant zombie (D:4)
  3 adders
  An ooze (D:1)
  2 worms (D:2)
  5 dart slugs
  8 leopard geckos
  12 orcs
  6 bats
  3 giant cockroaches (D:1)
  10 goblins
  8 hobgoblins
  9 jackals
  A quokka (D:3)
  A jackal skeleton (D:4)
  8 kobolds
  A quokka skeleton (D:4)
  3 rats
97 creatures vanquished.

Vanquished Creatures (collateral kills)
  An orc priest (D:3)
  2 adders (D:3)
  An orc (D:3)
  A goblin (D:2)
  A rat (D:3)
6 creatures vanquished.

Vanquished Creatures (others)
  A plant (D:1)
1 creature vanquished.

Grand Total: 104 creatures vanquished

Notes
Turn   | Place    | Note
-------+----------+-------------------------------------------
     0 | D:1      | dickylongcocking the Demonspawn Hedge Wizard began the
                  | quest for the Orb.
     0 | D:1      | Reached XP level 1. HP: 13/13 MP: 4/4
    61 | D:1      | Found an iron altar of Okawaru.
   310 | D:1      | Became a worshipper of Warmaster Okawaru
   698 | D:1      | Reached skill level 1 in Fighting
   725 | D:1      | Reached skill level 1 in Short Blades
   725 | D:1      | Gained mutation: You sometimes gain a little power by
                  | taking damage. [demonic ancestry]
   725 | D:1      | Reached XP level 2. HP: 12/21 MP: 0/6
  1726 | D:1      | Reached XP level 3. HP: 18/27 MP: 7/7
  1915 | D:1      | Reached skill level 2 in Fighting
  2177 | D:1      | You fall into a shaft and drop 1 floor!
  2177 | D:2      | Found a blossoming altar of Fedhas.
  2217 | D:2      | Noticed a phantom
  2249 | D:2      | Learned a level 2 spell: Call Imp
  2252 | D:2      | Learned a level 2 spell: Blink
  2562 | D:2      | Noticed an ogre
  2691 | D:2      | Found a sparkling altar of Nemelex Xobeh.
  3152 | D:2      | Killed a phantom
  3153 | D:2      | Reached skill level 3 in Fighting
  3153 | D:2      | Reached skill level 1 in Armour
  3153 | D:2      | Gained mutation: You regenerate magic rapidly. [demonic
                  | ancestry]
  3153 | D:2      | Reached XP level 4. HP: 10/35 MP: 3/8
  3153 | D:2      | Gained mutation: You have sharp fingernails. [demonic
                  | ancestry]
  3153 | D:2      | Reached XP level 5. HP: 12/41 MP: 3/9
  4387 | D:3      | Reached * piety under Okawaru
  4388 | D:3      | Reached skill level 1 in Unarmed Combat
  4592 | D:3      | Gained mutation: You sometimes gain power by taking damage.
                  | [demonic ancestry]
  4592 | D:3      | Reached XP level 6. HP: 35/47 MP: 4/10
  5465 | D:3      | Reached skill level 4 in Fighting
  5810 | D:3      | Found an opulent altar of Gozag.
  5827 | D:3      | Reached ** piety under Okawaru
  6197 | D:3      | Found a hazy altar of Hepliaklqana.
  6900 | D:4      | Gained mutation: You are partially covered in molten
                  | scales. (AC +2) [demonic ancestry]
  6900 | D:4      | Reached XP level 7. HP: 45/54 MP: 11/11
  7165 | D:4      | Found a staircase to the Ecumenical Temple.
  7780 | D:4      | Reached skill level 5 in Fighting
  7992 | D:5      | Entered Level 5 of the Dungeon
  8105 | D:4      | Gained mutation: You expend magic power (3 MP) to
                  | strengthen your wands. [potion of mutation]
  8105 | D:4      | Gained mutation: You are occasionally teleported next to
                  | monsters. [potion of mutation]
  8105 | D:4      | Gained mutation: You are frail. (-10% HP) [potion of
                  | mutation]
  8105 | D:4      | Gained mutation: Your mind is acute. (Int +2) [potion of
                  | mutation]
  8175 | D:4      | HP: 2/50 [poisoned by a scorpion]
  8180 | D:4      | HP: 1/50 [poisoned by a scorpion]
  8188 | D:4      | Succumbed to a scorpion's poison

Illustrated notes

Levels and vault maps discovered:
D:1:      psy_arrival_conway, layout_basic, okawaru_ov_weapons_minmay
D:2:      layout_loops_ring, nicolae_overflow_crystal_walls,
          fedhas_ov_isle_minmay
D:3:      layout_loops_ring, grunt_gozag_statues, nzn_hepliaklqana_mist_gate
D:4:      layout_loops_ring, minmay_temple_entry_mist
D:5:      layout_cave_pools, gammafunk_temple_overflow_claw,
          grunt_temple_overflow_cloverleaf,
          nicolae_dithmenos_through_a_glass_darkly

Skill      XL: |  1  2  3  4  5  6  7 |
---------------+----------------------+-----
Fighting       | 1 3 4 5 |  5.2
Short Blades   | 1 2 |  2.7
Armour         | 1 2 3 4 |  4.0
Unarmed Combat | 1 2 3 |  3.7
Dodging        | |  1.7
Stealth        | |  1.7
Spellcasting   | |  3.0
Conjurations   | |  1.0
Summonings     | |  1.0
Translocations | |  0.8

Action                   |  1- 3 |  4- 6 |  7- 9 || total
-------------------------+-------+-------+-------++-------
Melee: Dagger            |   153 |    77 |       ||   230
       Unarmed           |       |   180 |    84 ||   264
       Punch             |       |     3 |     2 ||     5
 Cast: Magic Dart        |    42 |    36 |       ||    78
       Call Imp          |     3 |     7 |       ||    10
       Blink             |     1 |       |       ||     1
Invok: Heroism           |       |     2 |     5 ||     7
  Use: Potion            |     6 |     4 |     3 ||    13
       Scroll            |     3 |     4 |     2 ||     9
Armor: Robe              |     7 |       |       ||     7
       Ring mail         |    41 |   122 |    24 ||   187
Dodge: Dodged            |    93 |   157 |    36 ||   286

Table legend: (Time is in decaauts)
 A = Elapsed time spent in this place.
 B = Non-inter-level travel time spent in this place.
 C = Inter-level travel time spent in this place.
 D = Time resting spent in this place.
 E = Time spent auto-exploring this place.
 F = Levels seen in this place.
 G = Mean time per level.
                   A        B        C        D        E       F      G
               +--------+--------+--------+--------+--------+-----+--------+
         Total |   8153 |   7894 |    259 |   3103 |   3280 |   5 | 1630.6 |
       Dungeon |   8153 |   7894 |    259 |   3103 |   3280 |   5 | 1630.6 |
               +--------+--------+--------+--------+--------+-----+--------+

Top non-repeatable levels by time:
     D:2: 2544 daAuts
     D:1: 2280 daAuts
     D:3: 1630 daAuts
     D:4: 1587 daAuts
     D:5: 110 daAuts
